 Dungeon Crawl Stone Soup version 0.31-a0-214-gb37851dbb3 (webtiles) character file.

Game seed: 14284202489597238151

44 qw the Shooter (level 3, -2/21 HPs)
             Began as a Gargoyle Hexslinger on July 1, 2023.
             Slain by Grinder (8 damage)
             ... on level 3 of the Dungeon.
             The game lasted 00:00:29 (1232 turns).

qw the Shooter (Gargoyle Hexslinger)                Turns: 1232, Time: 00:00:30

Health: -2/21      AC:  8    Str: 11    XL:     3   Next: 60%
Magic:  4/4        EV: 10    Int: 13    God:
Gold:   138        SH:  0    Dex: 14    Spells: 3/4 levels left

rFire   . . .        Y - +1 sling
rCold   . . .        (no shield)
rNeg    + . .        d - +0 ring mail
rPois   inf          (no helmet)
rElec   +            (no cloak)
rCorr   .            (no gloves)
SInv    .            (no boots)
Will    .....        b - amulet of regeneration
Stlth   +            (no ring)
HPRegen 1.03/turn    (no ring)
MPRegen 0.09/turn

%: no passive effects
@: no status effects
A: sickness immunity, AC +3, negative energy resistance 1, electricity
resistance, torment resistance 1, petrification resistance
a: no special abilities


You were on level 3 of the Dungeon.
You visited 1 branch of the dungeon, and saw 3 of its levels.

You collected 138 gold pieces.


Innate Abilities, Weirdness & Mutations

You are immune to sickness and miasma.
Your stone body is resilient. (AC +3)
You are immune to poison.
You resist negative energy. (rN+)
You are resistant to electric shocks. (rElec)
You are resistant to unholy torment.
You are immune to petrification.


   Skills:
 - Level 2.0 Fighting
 + Level 3.4 Ranged Weapons
 - Level 1.5 Dodging
 - Level 1.0 Spellcasting
 - Level 2.6 Hexes


You had 3 spell levels left.
You knew the following spells:

 Your Spells              Type           Power      Damage    Failure   Level
a - Slow                  Hex            28%        N/A       22%         1

Your spell library contained the following spells:

 Spells                   Type           Power      Damage    Failure   Level
 Inner Flame              Hex/Fire       4%         N/A       75%         3
 Portal Projectile        Hex/Tloc       8%         N/A       75%         3
 Cause Fear               Hex            3%         N/A       92%         4

Inventory:

Hand Weapons
 Y - a +1 sling (weapon)
Armour
 d - a +0 ring mail (worn)
Jewellery
 b - an amulet of regeneration (around neck)
Scrolls
 a - a scroll of blinking {unknown}
 e - a scroll of revelation {unknown}
 g - a scroll of identify
Potions
 c - a potion of brilliance {unknown}
 f - a potion of haste {unknown}
 h - a potion of mutation {unknown}
 i - a potion of invisibility {unknown}
 j - a potion of curing {unknown}
 k - a potion of magic {unknown}
 l - a potion of enlightenment

Dungeon Overview and Level Annotations

Branches:
Dungeon (3/15)

Altars:
Ashenzari
Qazlal

Annotations:
D:3 Grinder


Message History

You shoot a sling bullet.
The sling bullet barely misses the kobold.
You shoot a sling bullet.
The sling bullet hits the kobold but does no damage.
The kobold hits you with a +0 short sword.
The kobold closely misses you.
You shoot a sling bullet.
The sling bullet closely misses the kobold.
The kobold hits you but does no damage.
You shoot a sling bullet. The sling bullet hits the kobold.
You kill the kobold!
You see here a hobgoblin corpse.
You now have 129 gold pieces (gained 7).
Found a stone staircase leading down.
c - a metallic grey potion
Found a robe.
e - a scroll labelled VEWEWNA VIERIH You open the door.
There is an open door here.
You now have 138 gold pieces (gained 9).
Found a stone staircase leading down.
Enter note:
There is a stone staircase leading down here.
Grinder comes into view.
Grinder shouts!
Enter note: You shoot a sling bullet.
The sling bullet hits Grinder.
Grinder is lightly wounded.
A quokka comes into view.
You shoot a sling bullet.
The sling bullet closely misses Grinder.
The sling bullet closely misses the quokka.
You shoot a sling bullet.
The sling bullet hits Grinder but does no damage.
Grinder is lightly wounded.
Grinder hits you. Grinder hits you!
You writhe in agony.
You shoot a sling bullet.
The sling bullet closely misses Grinder.
The quokka barely misses you. Grinder hits you!
You die...

#.# ####
#.# ....#
#.#
.....##.#
........##
.......
#.5r# #.#@#
#...#
..#####.###
.......>#
#######.#
#.# #.# #.#
###.###


You could see Grinder and a quokka.

Vanquished Creatures
  An adder (D:2)
  A worm (D:2)
  4 endoplasms
  A giant cockroach (D:1)
  5 goblins (D:2)
  6 hobgoblins
  2 jackals (D:2)
  2 bats (D:2)
  2 frilled lizards (D:2)
  3 kobolds
  A rat (D:1)
28 creatures vanquished.

Notes
Turn   | Place    | Note
-------+----------+-------------------------------------------
     0 | D:1      | qw the Gargoyle Hexslinger began the quest for the Orb.
     0 | D:1      | Reached XP level 1. HP: 12/12 MP: 2/2
     0 | D:1      | 0 ||| qw: Version: 0.3-a-32-g5962c71
     0 | D:1      | 0 ||| qw: Game counter: 7677
     0 | D:1      | 0 ||| qw: Melee chars always use a shield: true
     0 | D:1      | 0 ||| qw: God list: Okawaru
     0 | D:1      | 0 ||| qw: Allow faded altars: false
     0 | D:1      | 0 ||| qw: Do Orc after clearing Dungeon:15 true
     0 | D:1      | 0 ||| qw: Do second Lair branch before Depths: true
     0 | D:1      | 0 ||| qw: Lair rune preference: random
     0 | D:1      | 0 ||| qw: Goals: Normal
     0 | D:1      | 0 ||| PLANNING D:1-11
   238 | D:1      | Reached XP level 2. HP: 16/16 MP: 3/3
   458 | D:1      | 458 ||| UPGRADING to +0 ring mail.
   468 | D:1      | 468 ||| DROPPING +0 robe.
   469 | D:1      | 469 ||| READING scroll labelled JIEFUZ PEEGALENUA.
   470 | D:1      | 470 ||| READING 2 scrolls labelled TISEOGGASE.
   471 | D:1      | 471 ||| READING 2 scrolls labelled OPURHO VOFETEA.
   472 | D:1      | 472 ||| DRINKING 2 white potions.
   473 | D:1      | 473 ||| DROPPING scroll of poison.
   474 | D:1      | 474 ||| DROPPING scroll of fear.
   504 | D:2      | Reached skill level 3 in Ranged Weapons
   534 | D:2      | Found a stormy altar of Qazlal.
   678 | D:2      | Reached XP level 3. HP: 11/21 MP: 4/4
  1041 | D:2      | 1041 ||| UPGRADING to amulet of regeneration.
  1046 | D:2      | 1046 ||| READING scroll labelled GOTEH YPUKHLU.
  1050 | D:2      | 1050 ||| READING scroll labelled TYHOOR TIONAX.
  1051 | D:2      | 1051 ||| READING scroll labelled WEV ADOEHE.
  1167 | D:3      | Found a broken altar of Ashenzari.
  1228 | D:3      | Noticed Grinder
  1231 | D:3      | HP: 5/21 [Grinder (3)]
  1232 | D:3      | Slain by Grinder

Levels and vault maps discovered:
D:1:      dpeg_arrival_connections, layout_rooms
D:2:      layout_rooms, basic_altar, mrwooster_statue_mirror,
          dreamdust_mushroom_princess, chequers_jeans
D:3:      layout_basic, nicolae_ashenzari_skybound, st_stairs_13, uniq_ijyb,
          uniq_grinder

Skill      XL: |  1  2 |
---------------+-------+-----
Ranged Weapons | 3 |  3.4
Fighting       | 2 |  2.0
Dodging        | |  1.5
Spellcasting   | |  1.0
Hexes          | |  2.6

Action                     || total
---------------------------++-------
   Fire: Sling             ||   102
    Use: Scroll            ||     6
         Potion            ||     1
 Armour: Ring mail         ||    21
  Dodge: Dodged            ||    27

Table legend:
 A = Non-vault XP
 B = Vault XP
 C = Vault XP percentage of total XP
 D = Non-vault monster count
 E = Vault monster count
 F = Vault count percentage of total count
                 A         B        C        D         E       F
            +---------+---------+-------+---------+---------+-------
      Total |      63 |       0 |   0.0 |      28 |       0 |   0.0
            +---------+---------+-------+---------+---------+-------
        D:1 |      15 |       0 |   0.0 |       8 |       0 |   0.0
        D:2 |      40 |       0 |   0.0 |      16 |       0 |   0.0
        D:3 |       8 |       0 |   0.0 |       4 |       0 |   0.0
            +---------+---------+-------+---------+---------+-------
